 Dungeon Crawl Stone Soup version 0.25.0-9-g26727b657a (webtiles) character file.

Game seed: 3626334011061832227

76 EWolf27 the Sneak (level 4, 21/21 HPs)
             Began as a Spriggan Enchanter on June 19, 2020.
             Quit the game on level 2 of the Dungeon.
             The game lasted 00:20:10 (3152 turns).

EWolf27 the Sneak (Spriggan Enchanter)              Turns: 3152, Time: 00:20:11

Health: 21/21      AC:  2    Str:  4    XL:     4   Next: 12%
Magic:  19/19      EV: 18    Int: 17    God:
Gold:   71         SH:  0    Dex: 16    Spells: 7/10 levels left

rFire    . . .     SeeInvis +   a - +1 dagger
rCold    . . .     Gourm    .   (shield restricted)
rNeg     . . .     Faith    .   b - +0 robe
rPois    .         Spirit   .   (helmet restricted)
rElec    .         Reflect  .   d - scarf {repulsion}
rCorr    .         Harm     .   (gloves unavailable)
MR       .....                  (boots unavailable)
Stlth    +++.......             g - amulet of inaccuracy (curse)
HPRegen  0.07/turn              e - ring of magical power
MPRegen  0.16/turn              (no ring)

@: repel missiles, very quick
A: very small, unfitting armour, see invisible, herbivore, speed 3, slow
metabolism 2
a: no special abilities


You were on level 2 of the Dungeon.
You were not hungry.

You visited 1 branch of the dungeon, and saw 2 of its levels.

You collected 71 gold pieces.

Inventory:

Hand Weapons
 a - a +1 dagger (weapon)
Missiles
 f - 16 poisoned darts (quivered)
Armour
 b - a +0 robe (worn)
 d - a scarf of repulsion (worn)
Jewellery
 e - a ring of magical power (left hand)
 g - a cursed amulet of inaccuracy (around neck)


   Skills:
 - Level 1.1 Short Blades
 - Level 3.0 Dodging
 + Level 5.7 Stealth
 + Level 3.8 Spellcasting
 + Level 4.6 Hexes


You had 7 spell levels left.
You knew the following spells:

 Your Spells              Type           Power        Failure   Level  Hunger
a - Corona                Hex            ###....      2%          1    None
b - Ensorcelled Hibernat  Hex/Ice        ##....       10%         2    ##.....

Your spell library contained the following spells:

 Spells                   Type           Power        Failure   Level  Hunger
 Confusing Touch          Hex            ###.....     8%          3    ###....
 Tukima's Dance           Hex            ###.....     8%          3    ###....
 Dazzling Flash           Conj/Hex       ##....       19%         3    ###....


Dungeon Overview and Level Annotations

Branches:
Dungeon (2/15)

Altars:


Innate Abilities, Weirdness & Mutations

You are very small and have problems with some larger weapons.
You are too small for most types of armour.
You have supernaturally acute eyesight. (SInv)
You are a herbivore.
You cover ground extremely quickly.
You need to consume almost no food.


Message History

The helpless bat fails to defend itself.
You impale the bat!!
You kill the bat!
You see here a bat corpse.
You see here a triangular silver amulet.
The helpless rat fails to defend itself.
You impale the rat!!
You kill the rat!
g - a triangular silver amulet
There are no items here.
Oops, that amulet feels deathly cold.
g - a cursed amulet of inaccuracy (around neck)
You start putting on your armour.
You continue putting on your runed scarf. x4
You finish putting on your scarf of repulsion.
You are surrounded by a repulsion field.
As you read the scroll labeled BEAXTU XOHEODA, it crumbles to dust.
It is a scroll of identify.
You don't have any unidentified items.
Are you sure you want to abandon this character and quit the game? (Confirm with "yes".)

.#............#
.#............####
.'................
.#................
.'............####
.#............# #
##............#####+##.#
##.....................#
##............†.@......#
##########............#
#..(.............
#...........#####
#...........#
...#######+### ###.# #.#


There were no monsters in sight!

Vanquished Creatures
  4 adders (D:2)
  An ooze (D:1)
  8 bats
  A giant cockroach (D:1)
  6 goblins
  2 hobgoblins (D:1)
  7 kobolds
  4 frilled lizards
  5 rats
38 creatures vanquished.

Notes
Turn   | Place    | Note
-------+----------+-------------------------------------------
     0 | D:1      | EWolf27 the Spriggan Enchanter began the quest for the Orb.
     0 | D:1      | Reached XP level 1. HP: 9/9 MP: 5/5
   406 | D:1      | Reached XP level 2. HP: 13/13 MP: 7/7
   768 | D:1      | Learned a level 2 spell: Ensorcelled Hibernation
  1104 | D:1      | Reached skill level 5 in Stealth
  1902 | D:1      | Reached XP level 3. HP: 10/16 MP: 5/8
  2851 | D:2      | Reached XP level 4. HP: 21/21 MP: 10/10
  3152 | D:2      | Quit the game

Illustrated notes

Levels and vault maps discovered:
D:1:      minmay_arrival_arboretum_small, layout_basic, minmay_pentomino_r2
D:2:      layout_basic, nicolae_overflow_crystal_walls

Skill      XL: |  1  2 |
---------------+-------+-----
Spellcasting   | 3 |  3.8
Hexes          | 4 |  4.6
Stealth        | 5 |  5.7
Short Blades   | |  1.1
Dodging        | |  3.0

Action                   |  1- 3 |  4- 6 || total
-------------------------+-------+-------++-------
Melee: Dagger            |   186 |     2 ||   188
 Cast: Ensorcelled Hiber |    14 |       ||    14
  Use: Scroll            |       |     1 ||     1
 Stab: Sleeping          |    12 |     2 ||    14
       Distracted        |     1 |       ||     1
  Eat: Ration            |     1 |       ||     1
Armor: Robe              |    30 |       ||    30
Dodge: Dodged            |   189 |     1 ||   190
